 Dungeon Crawl Stone Soup version 0.19-a0-1007-g133f65f (webtiles) character file.

312801 rjrrt the Executioner (level 20, 0/200 HPs)
             Began as a Minotaur Berserker on July 18, 2016.
             Was the Champion of Trog.
             Killed from afar by a battlesphere (7 damage)
             ... created by a tengu reaver
             ... on level 5 of the Vaults on July 19, 2016.
             The game lasted 02:00:07 (39616 turns).

rjrrt the Executioner (Minotaur Berserker)         Turns: 39616, Time: 02:00:08

Health: 0/200      AC: 39    Str: 27    XL:     20   Next: 45%
Magic:  19/19      EV: 22    Int:  4    God:    Trog [******]
Gold:   1561       SH:  5    Dex: 17    Spells: 0 memorised, 19 levels left

rFire  + . .     SeeInvis .     a - +4 battleaxe (elec)
rCold  + + .     Gourm    .     T - +5 gold dragon armour
rNeg   . . .     Faith    .     (shield currently unavailable)
rPois  +         Spirit   .     u - +0 hat
rElec  .         Dismiss  .     P - +2 cloak
rCorr  .         Reflect  +     V - +1 pair of gloves {Dex+3}
SustAt .         Harm     .     Z - +2 pair of boots {run}
MR     ++...                    C - +5 amulet of reflection
Stlth  ..........               f - ring of protection from magic
                                o - ring of Shaolin {EV+8}

@: quick, very resistant to hostile enchantments, extremely unstealthy
A: retaliatory headbutt, horns 2, cold resistance 1
a: Berserk, Trog's Hand, Brothers in Arms, Burn Spellbooks, Renounce Religion
}: 2/15 runes: barnacled, gossamer


You were on level 5 of the Vaults.
You worshipped Trog.
Trog was exalted by your worship.
You were hungry.

You visited 6 branches of the dungeon, and saw 36 of its levels.
You also visited: Volcano.

You collected 3539 gold pieces.
You spent 1978 gold pieces at shops.

Inventory:

Hand Weapons
 a - a +4 battleaxe of electrocution (weapon)
 b - a +0 blowgun
 c - a +8 antimagic executioner's axe
 e - a +5 demon trident of electrocution
 v - a +3 antimagic executioner's axe
Missiles
 x - 9 throwing nets
 B - 6 steel javelins
 M - 16 poisoned javelins (quivered)
 X - 6 curare-tipped needles
Armour
 u - a +0 hat (worn)
 P - a +2 cloak (worn)
 T - a +5 gold dragon armour (worn)
 V - a +1 pair of gloves of dexterity (worn)
 Z - a +2 pair of boots of running (worn)
Jewellery
 f - a ring of protection from magic (right hand)
 g - an uncursed ring of flight
 o - the ring of Shaolin (left hand) {EV+8}
   (You found it on level 8 of the Dungeon)

   [ring of evasion]

   It affects your evasion (+8).
 y - an uncursed ring of see invisible
 C - a +5 amulet of reflection (around neck)
 H - a +6 ring of evasion
 L - an uncursed ring of positive energy
Wands
 i - a wand of iceblast (8/15)
 r - a wand of digging (9/24)
 D - a wand of teleportation (4/9)
 F - a wand of acid (7/15)
 N - a wand of disintegration (22/24)
Scrolls
 h - a scroll of fog
 m - 11 scrolls of teleportation
 n - 12 scrolls of remove curse
 z - 3 scrolls of magic mapping
 A - 6 scrolls of blinking
 G - 6 scrolls of fear
 J - a scroll of silence
 K - 4 scrolls of recharging
 O - 2 scrolls of identify
 R - 2 scrolls of summoning
 W - a scroll of holy word
Potions
 j - 4 potions of flight
 l - 3 potions of might
 p - 3 potions of heal wounds
 q - 5 potions of curing
 s - a potion of magic
 t - 9 potions of agility
 w - 2 potions of resistance
 I - 3 potions of cancellation
 Q - 3 potions of cure mutation
 U - 2 potions of haste
 Y - 2 potions of invisibility
Comestibles
 k - 16 meat rations
 S - 28 bread rations


   Skills:
 - Level 22.0 Fighting
 + Level 24.2 Axes
 - Level 10.0 Throwing
 - Level 20.9 Armour
 * Level 14.1 Dodging


You had 19 spell levels left.
You didn't know any spells.

Dungeon Overview and Level Annotations

Branches:
Dungeon (15/15)            Temple (0/1) D:6            Lair (6/6) D:9
 Shoals (4/4) Lair:2       Spider (4/4) Lair:4        Slime (0/5) Lair:6
    Orc (2/2) D:12            Elf (0/3) Orc:2        Vaults (5/5) D:13
  Crypt (0/3) Vaults:3     Depths (0/5) D:15

Altars:
Ashenzari
Cheibriados
Dithmenos
Elyvilon
Gozag
Hepliaklqana
Makhleb
Okawaru
Pakellas
Ru
Uskayaw
Vehumet
Beogh
Jiyva

Shops:
D:11 (   D:13 (   Orc:2 :[:*(   Vaults:2 *   Vaults:3 *   Vaults:4 =

Annotations:
Lair:6 1 runed door


Innate Abilities, Weirdness & Mutations

You reflexively headbutt those who attack you in melee.
You have a pair of horns on your head.
Your flesh is cold resistant. (rC+)


Message History

The tengu reaver conjures a globe of magical energy!
Your hill giant hits the shadow dragon with a giant spiked club!!
The shadow dragon bites your hill giant!
The shadow dragon claws your hill giant!
Your hill giant dies!
Your hill giant's corpse disappears in a puff of smoke!
A battlesphere comes into view.
Your hill giant goes berserk!
You feel quite a bit more hungry. The cyan very ugly thing pecks you.
* * * LOW HITPOINT WARNING * * *
The cyan very ugly thing shocks you!!
* * * LOW HITPOINT WARNING * * *
A storm dragon comes into view.
Unknown command.
The tengu reaver casts a spell at you.
The bolt of lightning hits the cyan very ugly thing.
The cyan very ugly thing resists.
The bolt of lightning hits you!
* * * LOW HITPOINT WARNING * * *
The battlesphere fires!
The barrage of energy hits you!
You die...

..# #..#
... #..#
###.. #..#
#.... #.(#
.#....##(.#
.......#((#
#..)..#
######.(..#
.......%@.#
........u.#
.....*....#
......CQD.#
#####.p...#
.p.....#
..D...#..#
......#..#
####..#..#


You could see a shadow dragon, a storm dragon, a cyan very ugly thing, a tengu
reaver, 2 vault guards, a battlesphere and a friendly hill giant (berserk).

Vanquished Creatures
  2 golden dragons (Vaults:5)
  A bone dragon (Vaults:3)
  Arachne (Spider:4)
  A tentacled monstrosity (Vaults:3)
  3 titans (Vaults:5)
  A quicksilver dragon (Vaults:5)
  Polyphemus (Shoals:2)
  2 sphinxes (Vaults:5)
  A kraken (Shoals:3)
  Frances (Shoals:2)
  3 tengu reavers
  Roxanne (Shoals:1)
  Donald (Shoals:2)
  3 shadow dragons (Vaults:5)
  2 frost giants
  3 fire giants
  3 orc warlords
  10 vault wardens
  4 ghost moths
  6 emperor scorpions
  15 ironheart preservers
  5 stone giants
  A very ugly thing (Vaults:4)
  An entropy weaver (Spider:2)
  2 deep elf demonologists (Vaults:5)
  2 spark wasps (Spider:4)
  4 ettins
  3 merfolk javelineers
  A deep elf death mage (Vaults:5)
  2 ice dragons (Vaults:4)
  8 ogre magi
  6 merfolk impalers
  9 vault guards
  10 yaktaur captains
  4 hydras
  4 great orbs of eyes
  3 rakshasas
  A catoblepas (Shoals:2)
  3 death knights
  A merfolk avatar (Shoals:2)
  3 merfolk aquamancers
  A tengu warrior (D:15)
  9 centaur warriors
  A deep troll earth mage (Vaults:2)
  Erica (Lair:2)
  2 deep troll shamans
  5 death yaks
  A queen ant (Spider:2)
  Urug (Orc:2)
  An orc high priest (Orc:2)
  4 deep elf knights
  2 skeletal warriors
  Nergalle (D:10)
  A fire crab (shapeshifter) (D:15)
  3 shadow wraiths
  12 deep trolls
  2 unseen horrors
  4 sea snakes
  6 wizards
  5 deep elf archers
  A giant orange brain (Vaults:3)
  A swamp dragon (shapeshifter) (D:15)
  A necromancer (Spider:2)
  A lindwurm (Lair:5)
  14 ironbrand convokers
  A lindwurm (shapeshifter) (D:13)
  16 hill giants
  3 phantasmal warriors
  9 harpies (Vaults:4)
  29 ugly things
  A harpy (shapeshifter) (D:15)
  10 orc knights
  14 orb spiders
  4 cyclopes
  21 wolf spiders
  14 deep elf magi
  11 hornets
  8 orc sorcerers
  A salamander (shapeshifter) (Vaults:2)
  A moth of wrath (Spider:4)
  5 elephants (Lair:5)
  6 manticores
  5 sirens
  A toenail golem (Volcano)
  6 griffons
  2 centaur zombies
  A guardian serpent (shapeshifter) (Vaults:3)
  3 molten gargoyles (Volcano)
  4 black mambas
  A water nymph (Shoals:3)
  15 vault sentinels
  2 torpor snails
  6 spiny frogs
  A torpor snail (shapeshifter) (D:15)
  A storm dragon simulacrum (Vaults:1)
  A gargoyle (D:13)
  A kobold demonologist (D:14)
  7 komodo dragons
  7 freezing wraiths
  28 yaktaurs
  19 demonic crawlers
  2 rime drakes (Lair:4)
  2 tengu conjurers
  A wind drake (Shoals:1)
  7 polar bears (Lair:6)
  4 trolls
  30 jumping spiders
  19 merfolk
  A polar bear (shapeshifter) (Vaults:1)
  2 jumping spiders (shapeshifter)
  A two-headed ogre (shapeshifter) (Vaults:2)
  21 blink frogs
  13 two-headed ogres
  11 slime creatures
  4 snapping turtles
  8 boulder beetles
  62 redbacks
  33 yaks
  13 spriggans (Lair:6)
  4 wraiths
  19 tarantellas
  2 wyverns
  7 water elementals
  A hog (shapeshifter) (D:15)
  5 basilisks
  A fire elemental (Volcano)
  2 fire bats (Volcano)
  13 hippogriffs
  A hungry ghost (D:9)
  3 mottled dragons
  A steam dragon (D:7)
  10 vampire mosquitoes
  3 wargs
  24 soldier ants
  16 water moccasins
  8 porcupines
  36 orc warriors
  A hell hound (shapeshifter) (D:15)
  2 sky beasts
  Duvessa (D:5)
  5 ice beasts
  6 wasps
  5 black bears
  21 boggarts
  5 phantoms
  An eye of draining (D:13)
  31 ogres
  16 centaurs
  29 wolves
  17 crocodiles
  5 big kobolds
  7 giant frogs
  A jelly (D:14)
  Dowan (D:5)
  4 scorpions
  6 killer bees
  5 wights (D:10)
  3 howler monkeys (D:10)
  2 electric eels
  2 giant frog zombies
  A lava snake (Volcano)
  9 crimson imps
  A giant frog skeleton (D:12)
  4 hounds
  30 orc wizards
  4 centaur skeletons
  18 orc priests
  A gnoll shaman (D:9)
  12 iguanas
  23 worker ants
  A hell rat (D:9)
  9 sheep
  A hound zombie (D:7)
  A hound skeleton (D:4)
  Robin (D:2)
  9 gnolls
  A worker ant zombie (D:7)
  9 adders
  75 river rats
  5 shadow imps
  An adder skeleton (D:8)
  4 worms (D:2)
  A dart slug (D:3)
  3 giant geckos
  83 orcs
  3 ball pythons
  6 bats
  5 giant cockroaches
  14 goblins
  12 hobgoblins
  7 jackals
  43 kobolds
  6 quokkas
  2 giant gecko zombies
  6 giant newts
  A jackal zombie (D:7)
  12 rats
  A fire vortex (Volcano)
  5 fungi
  27 plants
  3 tentacles (Shoals:3)
1509 creatures vanquished.

Vanquished Creatures (collateral kills)
  Mara (Spider:4)
  Nikola (Spider:2)
  An entropy weaver (Spider:2)
  A stone giant (Vaults:5)
  An ettin (Vaults:5)
  A hydra (Lair:1)
  A tengu warrior (D:14)
  4 death yaks
  An orb spider (Spider:4)
  3 wolf spiders (Spider:4)
  A hornet (Spider:4)
  A faun (Shoals:1)
  A spiny frog (Lair:1)
  A tengu conjurer (D:14)
  3 jumping spiders (Spider:4)
  A merfolk (Shoals:1)
  A snapping turtle (Shoals:1)
  2 soldier ants (Spider:2)
  A wasp (Spider:4)
  5 sheep (Lair:4)
32 creatures vanquished.

Vanquished Creatures (others)
  A tengu reaver (Vaults:5)
  A deep elf demonologist (Vaults:5)
  A deep elf mage (Vaults:3)
  An elf (D:12)
  An orc priest (Vaults:1)
  2 river rats (Lair:3)
  2 fungi
  8 tentacles (Shoals:3)
  326 tentacle segments (Shoals:3)
343 creatures vanquished.

Grand Total: 1884 creatures vanquished

Notes
Turn   | Place    | Note
-------+----------+-------------------------------------------
     0 | D:1      | rjrrt the Minotaur Berserker began the quest for the Orb.
     0 | D:1      | Reached XP level 1. HP: 19/19 MP: 0/0
   559 | D:1      | Reached skill level 4 in Axes
   805 | D:1      | Reached XP level 2. HP: 26/26 MP: 1/1
  1040 | D:1      | Reached ** piety under Trog
  1081 | D:1      | Reached skill level 5 in Axes
  1257 | D:1      | Reached XP level 3. HP: 30/31 MP: 2/2
  1424 | D:2      | Noticed Robin
  1436 | D:2      | Killed Robin
  1754 | D:2      | Reached XP level 4. HP: 39/39 MP: 3/3
  1786 | D:2      | Reached skill level 6 in Axes
  1989 | D:2      | Found a faded altar of an unknown god.
  2497 | D:3      | Found a snail-covered altar of Cheibriados.
  2584 | D:3      | Reached *** piety under Trog
  2669 | D:3      | Reached skill level 7 in Axes
  2669 | D:3      | Reached XP level 5. HP: 41/45 MP: 4/4
  3126 | D:3      | Found a shattered altar of Ashenzari.
  3348 | D:4      | Reached skill level 8 in Axes
  3511 | D:4      | Reached XP level 6. HP: 47/51 MP: 5/5
  3550 | D:4      | Reached skill level 9 in Axes
  3679 | D:4      | Reached XP level 7. HP: 36/57 MP: 6/6
  3686 | D:4      | Reached **** piety under Trog
  3987 | D:4      | Reached skill level 10 in Axes
  4037 | D:4      | Found a hazy altar of Hepliaklqana.
  4040 | D:4      | Found a sacrificial altar of Ru.
  4043 | D:4      | Found an opulent altar of Gozag.
  4064 | D:5      | Entered Level 5 of the Dungeon
  4604 | D:5      | Noticed Duvessa
  4608 | D:5      | Noticed Dowan
  4613 | D:5      | Killed Duvessa
  4613 | D:5      | Reached skill level 11 in Axes
  4613 | D:5      | Reached XP level 8. HP: 67/67 MP: 7/7
  4617 | D:5      | Killed Dowan
  4681 | D:5      | Found a radiant altar of Vehumet.
  4681 | D:5      | Found a burning altar of Makhleb.
  4822 | D:5      | Reached skill level 5 in Fighting
  5280 | D:6      | Found a staircase to the Ecumenical Temple.
  5719 | D:7      | Reached skill level 5 in Armour
  5982 | D:7      | Reached skill level 12 in Axes
  6055 | D:7      | Reached XP level 9. HP: 41/75 MP: 8/8
  6723 | D:8      | Got a dazzling longbow
  6724 | D:8      | Identified the +3 longbow of Eternal Vigilance {flame, *Confuse +Fly rPois MR++} (You found it on level 8 of the Dungeon)
  6763 | D:8      | Noticed a hand axe
  6765 | D:8      | Noticed a dagger
  6768 | D:8      | Found a hide-covered altar of Uskayaw.
  6987 | D:8      | Reached skill level 13 in Axes
  7220 | D:8      | Reached ***** piety under Trog
  7518 | D:9      | Found a staircase to the Lair.
  7540 | D:9      | Noticed a komodo dragon
  7542 | D:9      | Noticed a komodo dragon
  7545 | D:9      | Received a gift from Trog
  7550 | D:9      | Killed a komodo dragon
  7552 | D:9      | Killed a komodo dragon
  7755 | D:9      | Reached XP level 10. HP: 88/88 MP: 9/9
  7839 | D:9      | Reached skill level 14 in Axes
  8233 | Lair:1   | Entered Level 1 of the Lair of Beasts
  8451 | Lair:1   | Noticed a spiny frog
  8460 | Lair:1   | Killed a spiny frog
  8460 | Lair:1   | Reached skill level 15 in Axes
  8489 | Lair:1   | Received a gift from Trog
  8529 | Lair:1   | Noticed a spiny frog
  8530 | Lair:1   | Noticed a four-headed hydra
  8550 | Lair:1   | Killed a spiny frog
  8554 | Lair:1   | Killed a four-headed hydra
  8554 | Lair:1   | Reached XP level 11. HP: 62/99 MP: 10/10
  9330 | Lair:2   | Noticed Erica
  9357 | Lair:2   | Killed Erica
  9357 | Lair:2   | Reached skill level 10 in Fighting
  9389 | Lair:2   | Reached skill level 10 in Armour
  9443 | Lair:2   | Reached skill level 16 in Axes
  9462 | Lair:2   | Reached skill level 1 in Throwing
  9486 | Lair:2   | Noticed a four-headed hydra
  9498 | Lair:2   | Killed a two-headed hydra
  9559 | Lair:2   | Received a gift from Trog
  9745 | Lair:2   | Found a staircase to the Shoals.
 11008 | Lair:3   | Reached XP level 12. HP: 106/110 MP: 11/11
 11425 | Lair:4   | Noticed a death yak
 11437 | Lair:4   | Killed a death yak
 11437 | Lair:4   | Reached skill level 17 in Axes
 11445 | Lair:4   | Noticed a death yak
 11455 | Lair:4   | Killed a death yak
 11529 | Lair:4   | Found a dark tunnel.
 11606 | Volcano  | Entered a volcano
 11717 | Volcano  | Found a bloodstained altar of Trog.
 12201 | Lair:4   | Found a hole to the Spider Nest.
 12231 | Lair:4   | Reached skill level 5 in Throwing
 12250 | Lair:4   | Identified a scroll of acquirement
 12718 | Lair:4   | Received a gift from Trog
 12902 | Lair:5   | Reached skill level 18 in Axes
 13079 | Lair:5   | Received a gift from Trog
 13132 | Lair:5   | Reached XP level 13. HP: 98/118 MP: 12/12
 14083 | Lair:6   | Entered Level 6 of the Lair of Beasts
 14178 | Lair:6   | Received a gift from Trog
 14267 | Lair:6   | Found a runed door.
 14267 | Lair:6   | Found a viscous altar of Jiyva.
 14267 | Lair:6   | Found a staircase to the Slime Pits.
 14267 | Lair:6   | Noticed an acid blob
 14267 | Lair:6   | Noticed an acid blob
 14267 | Lair:6   | Noticed an acid blob
 14267 | Lair:6   | Noticed an acid blob
 14325 | Lair:6   | Received a gift from Trog
 14531 | Lair:6   | Reached ****** piety under Trog
 14733 | Lair:6   | Received a gift from Trog
 14733 | Lair:6   | Reached skill level 19 in Axes
 15505 | D:10     | Entered Level 10 of the Dungeon
 15710 | D:10     | Noticed Nergalle
 15732 | D:10     | Killed Nergalle
 15732 | D:10     | Received a gift from Trog
 15973 | D:10     | Reached XP level 14. HP: 107/129 MP: 13/13
 16125 | D:11     | Received a gift from Trog
 16667 | D:11     | Found an iron altar of Okawaru.
 16722 | D:11     | Found Qeolonur's Weapon Emporium.
 17145 | D:12     | Found an oddly glowing altar of Pakellas.
 17155 | D:12     | Noticed an acid blob
 17451 | D:12     | Found a staircase to the Orcish Mines.
 17718 | Orc:1    | Entered Level 1 of the Orcish Mines
 17854 | Orc:1    | Found a roughly hewn altar of Beogh.
 18121 | Orc:2    | Entered Level 2 of the Orcish Mines
 18285 | Orc:2    | Received a gift from Trog
 18448 | Orc:2    | Noticed an orc warlord
 18472 | Orc:2    | Killed an orc warlord
 18587 | Orc:2    | Reached skill level 20 in Axes
 18894 | Orc:2    | Found Nenupp's Book Shop.
 19034 | Orc:2    | Noticed an orc warlord
 19150 | Orc:2    | Killed an orc warlord
 19153 | Orc:2    | Found a staircase to the Elven Halls.
 19252 | Orc:2    | Received a gift from Trog
 19261 | Orc:2    | Noticed Urug
 19276 | Orc:2    | Killed Urug
 19296 | Orc:2    | Found a roughly hewn altar of Beogh.
 19331 | Orc:2    | Found Reef's General Store.
 19339 | Orc:2    | Found Geqypha's Antique Weapon Boutique.
 19366 | Orc:2    | Bought a potion of invisibility for 112 gold pieces
 19420 | Orc:2    | Found Nuqaf's Book Boutique.
 19441 | Orc:2    | Found Lagoerphutho's Antique Armour Boutique.
 19448 | Orc:2    | Bought a pair of embroidered boots for 126 gold pieces
 19458 | Orc:2    | Identified a +1 pair of boots of running (You bought it in a shop on level 2 of the Orcish Mines)
 19489 | Orc:2    | Bought a manual of Fighting for 1545 gold pieces
 20142 | D:13     | Found Osuohykh's Antique Weapon Emporium.
 20328 | D:13     | Reached skill level 15 in Fighting
 20483 | D:13     | Found a gate to the Vaults.
 20795 | D:14     | Reached XP level 15. HP: 141/141 MP: 14/14
 20898 | D:14     | Reached skill level 15 in Armour
 20919 | D:14     | Received a gift from Trog
 20919 | D:14     | Reached skill level 5 in Dodging
 21344 | D:15     | Entered Level 15 of the Dungeon
 21480 | D:15     | Found a staircase to the Depths.
 21561 | D:15     | Found a white marble altar of Elyvilon.
 21881 | D:15     | Found a shadowy altar of Dithmenos.
 22700 | Spider:1 | Entered Level 1 of the Spider Nest
 22794 | Spider:1 | Received a gift from Trog
 23565 | Spider:2 | Reached skill level 21 in Axes
 23618 | Spider:2 | You fall through a shaft!
 23832 | Spider:2 | Received a gift from Trog
 24168 | Spider:2 | Reached XP level 16. HP: 157/157 MP: 15/15
 24286 | Spider:2 | Received a gift from Trog
 24922 | Spider:2 | Received a gift from Trog
 25011 | Spider:2 | Noticed Nikola
 25021 | Spider:2 | Killed Nikola
 26428 | Spider:4 | Entered Level 4 of the Spider Nest
 26428 | Spider:4 | Noticed Arachne
 26438 | Spider:4 | Noticed Mara
 26439 | Spider:4 | Noticed Mara
 26440 | Spider:4 | Noticed Mara
 26441 | Spider:4 | Noticed rjrrt's illusion
 26441 | Spider:4 | Killed Arachne
 26624 | Spider:4 | Noticed rjrrt's illusion
 26633 | Spider:4 | Killed Mara
 27591 | Spider:4 | Received a gift from Trog
 27706 | Spider:4 | Received a gift from Trog
 28260 | Spider:4 | Got a gossamer rune of Zot
 28297 | Spider:4 | Reached XP level 17. HP: 152/170 MP: 0/16
 28677 | Vaults:1 | Entered Level 1 of the Vaults
 29045 | Vaults:1 | Received a gift from Trog
 29298 | Vaults:1 | Reached skill level 22 in Axes
 29957 | Vaults:1 | Received a gift from Trog
 30833 | Vaults:2 | Reached XP level 18. HP: 99/180 MP: 17/17
 31017 | Vaults:2 | Received a gift from Trog
 31079 | Vaults:2 | Found Veagipto's General Store.
 31202 | Vaults:2 | Gained mutation: Your flesh is cold resistant. (rC+) [potion of beneficial mutation]
 31826 | Vaults:3 | Reached skill level 10 in Throwing
 31945 | Vaults:3 | Received a gift from Trog
 32354 | Vaults:3 | Received a gift from Trog
 32540 | Vaults:3 | Found Ucvetooxt's Assorted Antiques.
 32671 | Vaults:3 | Noticed a tentacled monstrosity
 32685 | Vaults:3 | Killed a tentacled monstrosity
 33574 | Vaults:3 | Noticed a bone dragon
 33575 | Vaults:3 | Found a staircase to the Crypt.
 33585 | Vaults:3 | Received a gift from Trog
 33599 | Vaults:3 | Killed a bone dragon
 33736 | Vaults:4 | Found Vimniann's Jewellery Boutique.
 33741 | Vaults:4 | Bought an uncursed ring of see invisible for 195 gold pieces
 33772 | Vaults:4 | Reached skill level 23 in Axes
 34201 | Vaults:4 | Received a gift from Trog
 34201 | Vaults:4 | Reached XP level 19. HP: 180/191 MP: 18/18
 35060 | Vaults:4 | Received a gift from Trog
 35853 | Shoals:1 | Entered Level 1 of the Shoals
 36089 | Shoals:1 | Received a gift from Trog
 36109 | Shoals:1 | Noticed Roxanne
 36121 | Shoals:1 | Killed Roxanne
 37046 | Shoals:2 | Noticed Frances
 37056 | Shoals:2 | Killed Frances
 37056 | Shoals:2 | Reached skill level 10 in Dodging
 37200 | Shoals:2 | Noticed Donald
 37208 | Shoals:2 | Killed Donald
 37243 | Shoals:2 | Noticed Polyphemus
 37250 | Shoals:2 | Received a gift from Trog
 37268 | Shoals:2 | Killed Polyphemus
 38420 | Shoals:3 | Upgraded the game from 0.19-a0-1002-g674d22e to 0.19-a0-1007-g133f65f
 38422 | Shoals:4 | Entered Level 4 of the Shoals
 38485 | Shoals:4 | Got a barnacled rune of Zot
 38902 | Vaults:5 | Entered Level 5 of the Vaults
 39010 | Vaults:5 | Reached XP level 20. HP: 167/200 MP: 19/19
 39091 | Vaults:5 | Noticed a Tzitzimitl
 39136 | Vaults:5 | Noticed a golden dragon
 39139 | Vaults:5 | Received a gift from Trog
 39151 | Vaults:5 | Killed a golden dragon
 39151 | Vaults:5 | Reached skill level 24 in Axes
 39410 | Vaults:5 | Noticed a golden dragon
 39425 | Vaults:5 | Killed a golden dragon
 39616 | Vaults:5 | HP: 7/200 [tengu reaver/bolt of lightning (23)]
 39616 | Vaults:5 | Killed from afar by a battlesphere

Vault maps used:
D:1:      dpeg_arrival_morbid_curiosity, minmay_shallow_snake_nest
D:2:      ecumenical_altar_1, uniq_robin
D:3:      nicolae_overflow_crystal_walls, nicolae_overflow_hidden_temple
D:4:      grunt_temple_overflow_diamond, minmay_misc_feat_more_columns
D:5:      grunt_temple_overflow_lords_of_destruction, first_bread, uniq_duvessa
D:6:      minmay_klotski
D:7:      grunt_ogre_cave
D:8:      dancing_weapons_uskayaw, grunt_ministairs_9
D:9:      dpeg_lair_monsters
D:10:     uniq_nergalle
D:11:     serial_shops, shop, grunt_ministairs_12, okawaru_ov_weapons_minmay
D:12:     orc_0_dummy, gammafunk_pakellas_its_alive, uniq_gastronok
D:13:     david_vaults_5, serial_shops, nicolae_shop_waterfront
D:14:     kennysheep_minor_cross, kennysheep_generic_room_16
D:15:     gammafunk_enter_depths_forms, basic_altar, nicolae_wwwww,
          nicolae_dithmenos_the_darkroom
Lair:2:   elwin_shoals_entry_rooms, grunt_megastairs_5, uniq_erica
Lair:3:   st_stairs_13, grunt_megastairs_3, serial_bayou_shore_b
Lair:4:   spider_nest_entry_rubble, nicolae_volcano_entry_hallway,
          serial_bayou_pond_d, bobbens_dragon_lair_wall, serial_bayou_shore_b,
          lemuel_fruit_tree, lemuel_fruit_fields
Lair:5:   grunt_megastairs_2
Lair:6:   minmay_lair_end_enchanted_forest, slime_altar_2, grunt_megastairs_1,
          lemuel_fruit_fields
Shoals:1: nicolae_shoals_dead_sea_scrolls, uniq_roxanne
Shoals:2: uniq_frances, uniq_donald, uniq_polyphemus
Shoals:4: shoals_end_simple, shoals_ilsuiw_alternative, shoals_oasis,
          uniq_bai_suzhen
Spider:1: hangedman_spider_tarantella_strand
Spider:2: cheibrodos_spider_creepycove, minivault_29, uniq_nikola
Spider:3: spider_trap
Spider:4: guppyfry_spider_rune, uniq_mara, uniq_arachne
Orc:1:    basic_altar
Orc:2:    grunt_orc_cross, serial_shops, shop_statue
Vaults:1: vaults_room_pool, v_pattern_3, v_misc_9,
          nicolae_vaults_ninety_degrees, vaults_room_grunt_arrival_ludios,
          vaults_mumra_chevron_long, vaults_room_semicircle, v_alt_pattern_5,
          ontoclasm_vaults_shuriken, nicolae_vaults_stairing_the_circle,
          v_misc_16, vaults_dpeg_doors, nicolae_vaults_circle_grid_b
Vaults:2: stair_cage_open, vaults_room_ringed_pool, nicolae_vaults_little_ls,
          nicolae_vaults_network_s, vaults_room_octagon, st_lines,
          nicolae_vaults_network_periphery, v_misc_15, v_pattern_5,
          hangedman_vaults_maws, v_misc_10, v_misc_2, grunt_vaults_hallway_long,
          vaults_mumra_chevron, serial_shops, nicolae_shop_waterfront
Vaults:3: vaults_room_fancy_cross, v_misc_2, v_alt_pattern_2,
          minmay_crypt_entry_nasty_monster, v_misc_25, vaults_room_octagon,
          ontoclasm_vaults_ring_small, hangedman_vaults_pinch,
          ontoclasm_vaults_ring_small, v_pattern_2, grunt_vaults_bifocal,
          v_misc_13, nicolae_vaults_specimen_jars, serial_shops,
          nicolae_shop_overgrown_old_shop
Vaults:4: nicolae_vaults_network_quinsquares, grunt_vaults_trifunnel,
          ontoclasm_vaults_misaligned, nicolae_vaults_puzzle_piece,
          ontoclasm_vaults_gateway, grunt_vaults_funnel, vaults_room_hallway,
          v_misc_29, nicolae_vaults_border_crossing,
          nicolae_vaults_little_squares_4, serial_shops, shop
Volcano:  volcano_grotto

Skill      XL: |  1  2  3  4  5  6  7  8  9 10 11 12 13 14 15 16 17 18 19 20 |
---------------+-------------------------------------------------------------+-----
Axes           | 4 5 7 8 9 11 12 13 15 16 18 19 20 21 22 23 24 | 24.2
Fighting       | 4 6 8 9 11 12 13 15 18 20 21 22 | 22.0
Armour         | 3 5 7 9 10 11 13 14 16 18 20 | 20.9
Throwing       | 3 5 7 8 9 10 | 10.0
Dodging        | 4 7 9 12 14 | 14.1

Action                   |  1- 3 |  4- 6 |  7- 9 | 10-12 | 13-15 | 16-18 | 19-21 || total
-------------------------+-------+-------+-------+-------+-------+-------+-------++-------
Melee: Hand axe          |    79 |   172 |   116 |       |       |       |       ||   367
       Headbutt          |    14 |    26 |    83 |   107 |   229 |   311 |   202 ||   972
       War axe           |       |       |   182 |   245 |       |       |       ||   427
       Battleaxe         |       |       |       |   278 |  1126 |  1101 |   595 ||  3100
       Scimitar          |       |       |       |     5 |    18 |       |       ||    23
       Executioner's axe |       |       |       |       |       |    26 |       ||    26
Throw: Tomahawk          |       |       |     4 |     6 |       |       |       ||    10
       Javelin           |       |       |       |       |    22 |    36 |    13 ||    71
Invok: Berserk           |     1 |     2 |     6 |     4 |     1 |     2 |     1 ||    17
       Brothers in Arms  |       |       |       |     2 |     1 |     7 |     4 ||    14
       Burn Spellbooks   |       |       |       |     1 |     4 |     1 |     1 ||     7
       Trog's Hand       |       |       |       |       |     1 |     8 |     3 ||    12
Evoke: Wand              |       |       |       |     1 |       |       |       ||     1
  Use: Scroll            |       |     9 |    14 |     7 |    11 |     8 |     8 ||    57
       Potion            |       |       |       |       |       |     2 |     1 ||     3
 Stab: Distracted        |       |       |       |       |       |     2 |     1 ||     3
  Eat: Chunk             |     3 |     9 |    10 |    16 |    26 |    10 |     6 ||    80
       Beef jerky        |       |       |     6 |     1 |     1 |     2 |       ||    10
       Pizza             |       |       |       |     1 |       |     2 |       ||     3
       Fruit             |       |       |       |     6 |    15 |     5 |     3 ||    29
       Meat ration       |       |       |       |       |       |     3 |     2 ||     5
Armor: Animal skin       |     9 |       |       |       |       |       |       ||     9
       Plate armour      |    21 |    74 |   146 |   178 |    70 |       |       ||   489
       Leather armour    |     5 |       |       |       |       |       |       ||     5
       Gold dragon armou |       |       |       |       |   346 |   485 |   256 ||  1087
Dodge: Dodged            |    85 |    56 |   127 |   341 |   757 |   953 |   368 ||  2687
Block: Other             |       |    23 |    31 |       |       |       |    64 ||   118
       Reflection        |       |       |     2 |       |       |       |     6 ||     8
